 Dungeon Crawl Stone Soup version 0.28-a0-932-g843f935a50 (webtiles) character file.

Game seed: 16702210444486657008

66 Hipnos the Chiller (level 3, -4/19 HPs)
             Began as a Deep Elf Ice Elementalist on Nov 27, 2021.
             Killed from afar by Sigmund (6 damage)
             ... with a magic dart
             ... on level 2 of the Dungeon.
             The game lasted 00:04:23 (1965 turns).

Hipnos the Chiller (Deep Elf Ice Elementalist)      Turns: 1965, Time: 00:04:24

Health: -4/19      AC:  9    Str:  5    XL:     3   Next: 96%
Magic:  3/10       EV: 13    Int: 20    God:
Gold:   30         SH:  0    Dex: 15    Spells: 3/10 levels left

rFire   . . .      SeeInvis .   e - +0 dagger
rCold   . . .      Faith    .   (no shield)
rNeg    . . .      Spirit   .   a - +0 robe
rPois   .          Reflect  .   (no helmet)
rElec   .          Harm     .   (no cloak)
rCorr   .          Rampage  .   c - +0 pair of gloves
Will    .....                   (no boots)
Stlth   ++........              (no amulet)
HPRegen 0.06/turn               (no ring)
MPRegen 0.12/turn               (no ring)

@: ice-armoured, freezing walls, invisible
A: no striking features
a: no special abilities


You were on level 2 of the Dungeon.
You visited 1 branch of the dungeon, and saw 2 of its levels.

You collected 30 gold pieces.

Inventory:

Hand Weapons
 e - a +0 dagger (weapon)
Armour
 a - a +0 robe (worn)
 c - a +0 pair of gloves (worn)
Scrolls
 d - a scroll of noise {unknown}
 f - a scroll of enchant armour {unknown}
 g - a scroll of identify {unknown}
Potions
 h - a potion of heal wounds {unknown}


   Skills:
 + Level 2.7 Dodging
 + Level 2.5 Stealth
 + Level 0.4 Unarmed Combat
 + Level 4.1 Spellcasting
 + Level 5.3 Ice Magic


You had 3 spell levels left.
You knew the following spells:

 Your Spells              Type           Power      Damage    Failure   Level
a - Freeze                Ice            100%       1d11      1%          1
b - Frozen Ramparts       Ice            50%        1d7       4%          3
c - Ozocubu's Armour      Ice            25%        N/A       4%          3

Your spell library contained the following spells:

 Spells                   Type           Power      Damage    Failure   Level
 Hailstorm                Conj/Ice       14%        3d5       38%         4


Dungeon Overview and Level Annotations

Branches:
Dungeon (2/15)

Altars:

Annotations:
D:2 Sigmund


Message History

The puff of flame hits you! The heat melts your icy armour.
Okay, then.
The wall freezes Terence.
The wall freezes Sigmund.
Sigmund hits you from afar with a +0 scythe!
* * * LOW HITPOINT WARNING * * *
It was a potion of invisibility.
You fade into invisibility!
The wall freezes Terence.
You kill Terence!
The wall freezes Sigmund.
Your Spellcasting skill increases to level 4!
Okay, then.
The wall freezes Sigmund!
The frozen ramparts melt away.
You're too confused to cast spells.
Your icy armour will break if you move.
Continue?
Okay, then.
You're too confused to cast spells.
Your icy armour will break if you move.
Continue?
Okay, then.
You're too confused to cast spells.
Your icy armour will break if you move.
Continue?
Okay, then.
Sigmund gestures at you while chanting. You resist with some effort.
You feel less confused. Sigmund misses you.
Casting: Frozen Ramparts (quite dangerous; 4% risk of failure)
Confirm with . or Enter, or press ? or * to list all spells.
The spell is quite dangerous to cast (4% risk of failure)!
Continue anyway?
Casting: Frozen Ramparts (quite dangerous; 4% risk of failure)
Press: ? - help, Dir - look around, f - activate The walls around you are covered in ice.
The wall freezes Sigmund.
The wall freezes Sigmund.
Sigmund shouts!
Sigmund gestures at you while chanting. The magic dart hits you.
You die...

....# ....# .#
..### ####.##
..# ....!.. ..#
..... # ###
.@....# # #####
..#..# ##
#...####.....#
.#
#...'@.')@...#
.#
#...####.....#
†# #.### #....#
<# #.# .#..# ##
### ###.### .
>..
######.###.#...#
## ##
.........#.###.#
####.#.###.###.#
#.#.###.....#


You could see Sigmund.

Vanquished Creatures
  Terence (D:2)
  An adder (D:2)
  A worm (D:2)
  2 dart slugs (D:1)
  2 ball pythons (D:1)
  5 bats (D:1)
  4 endoplasms (D:1)
  A goblin (D:1)
  3 hobgoblins (D:1)
  A kobold (D:1)
  2 frilled lizards (D:1)
  A rat (D:1)
24 creatures vanquished.

Vanquished Creatures (others)
  3 withered plants (D:1)
3 creatures vanquished.

Grand Total: 27 creatures vanquished

Notes
Turn   | Place    | Note
-------+----------+-------------------------------------------
     0 | D:1      | Hipnos the Deep Elf Ice Elementalist began the quest for
                  | the Orb.
     0 | D:1      | Reached XP level 1. HP: 10/10 MP: 6/6
   274 | D:1      | Reached XP level 2. HP: 15/15 MP: 1/8
   992 | D:1      | Found a faded altar of an unknown god.
  1278 | D:1      | Reached skill level 5 in Ice Magic
  1668 | D:2      | Reached XP level 3. HP: 19/19 MP: 5/10
  1680 | D:1      | Learned a level 3 spell: Frozen Ramparts
  1684 | D:1      | Learned a level 3 spell: Ozocubu's Armour
  1940 | D:2      | Noticed Terence
  1941 | D:2      | Noticed Sigmund
  1949 | D:2      | Killed Terence
  1965 | D:2      | Killed from afar by Sigmund

Illustrated notes

Levels and vault maps discovered:
D:1:      matt_arrival_grand_opening, layout_loops_ring,
          shapermc_ecumenical_altar_flowoftime, hangedman_decor_growths,
          fountainhead
D:2:      layout_basic, uniq_sigmund, uniq_terence, uniq_jessica

Skill      XL: |  1  2  3 |
---------------+----------+-----
Ice Magic      | 5 |  5.3
Spellcasting   | 4 |  4.1
Dodging        | |  2.7
Stealth        | |  2.5
Unarmed Combat | |  0.4

Action                   || total
-------------------------++-------
Melee: Unarmed           ||     7
       Dagger            ||    15
 Cast: Freeze            ||    34
       Frozen Ramparts   ||     3
       Ozocubu's Armour  ||     2
  Use: Potion            ||     1
Armor: Robe              ||    12
Dodge: Dodged            ||    24

Table legend: (Time is in decaauts)
 A = Elapsed time spent in this place.
 B = Non-inter-level travel time spent in this place.
 C = Inter-level travel time spent in this place.
 D = Time resting spent in this place.
 E = Time spent auto-exploring this place.
 F = Levels seen in this place.
 G = Mean time per level.
                   A        B        C        D        E       F      G
               +--------+--------+--------+--------+--------+-----+--------+
         Total |   1965 |   1935 |     30 |    183 |   1470 |   2 |  982.5 |
       Dungeon |   1965 |   1935 |     30 |    183 |   1470 |   2 |  982.5 |
               +--------+--------+--------+--------+--------+-----+--------+

Top non-repeatable levels by time:
     D:1: 1687 daAuts
     D:2: 278 daAuts
